cohdb
Replays
Latest Replays
All Replays
Popular Replays
Top Player Replays
Match Explorer
How It Works
Community
CoH3 Stats
Reddit
Sign in to upload your games and track your stats! →
Sign in with Steam
Match 46808103
Unlisted
Match 46808103
Overview
Messages
Build Orders
End
Selects Australian Defense Battlegroup
Selects Australian Light Infantry Section
Australian Light Infantry Section
Construct Section Command Post
Infantry Section
Infantry Section
Construct Platoon Command Post
Selects 2-pounder Anti-tank Gun Team
Selects Defensive Tactics
Grenade Package
Infantry Section
A_Smoove
The_Honey_Bear
martinezndm
157414o156
0
0
Comments
sign in to comment!
No comments posted yet!